Map: Ruby Rock LE

Players

Onoes

  • Race: Zerg Zerg
  • League: Master
  • Spawn Location: 11:00

HoldTheDoor - Winner!

  • Race: Protoss Protoss
  • League: Diamond
  • Spawn Location: 5:00

VOD

Have the link to the VOD?

Description

Time

  • Played on: May 23, 2026, 12:55 p.m.
  • Length: 5:34
Show
View Real Time Build Order
Export as new Build Order

Onoes Zerg 

Build Orders: Hatch First 

Get SALT Encoding   

  12  0:00  Drone  
  13  0:16  Overlord  
  13  0:19  Drone  
  14  0:34  Drone x2  
  16  0:49  Hatchery  
  15  1:02  Spawning Pool  
  14  1:08  Extractor  
  14  1:09  Drone  
  14  1:13  Drone  
  14  1:15  Drone  
  16  1:27  Drone  
  17  1:35  Drone  
  18  1:46  Drone  
  19  1:49  Queen  
  21  1:57  Overlord  
  21  2:01  Queen  
  23  2:11  Drone x2  
  25  2:16  Metabolic Boost  
  25  2:19  Drone  
  25  2:21  Drone  
  27  2:47  Hatchery  
  27  2:48  Queen  
  28  2:53  Drone x2  
  30  3:05  Drone  
  30  3:06  Drone x4  
  30  3:09  Drone  
  36  3:27  Spore Crawler  
  36  3:30  Spore Crawler, Overlord  
  36  3:31  Overlord  
  36  3:34  Lair  
  34  3:35  Drone  
  35  3:48  Drone  
  36  3:49  Drone, Overlord  
  36  3:51  Drone x3  
  40  4:06  Extractor  
  40  4:08  Roach Warren, Drone x2  
  40  4:09  Drone x4  
  44  4:12  Extractor  
  44  4:14  Extractor  
  42  4:19  Queen  
  44  4:34  Drone x2  
  44  4:35  Drone x4  
  44  4:36  Evolution Chamber  
  44  4:37  Evolution Chamber  
  48  4:52  Roach x5  
Show
View Real Time Build Order
Export as new Build Order

HoldTheDoor Protoss - Winner!

Build Orders: 1 Gate Expand, Dark Templar Rush 

Get SALT Encoding   

  12  0:00  Probe  
  13  0:12  Probe  
  14  0:20  Pylon  
  14  0:24  Probe  
  15  0:35  Probe  
  15  0:39  Gateway  
  16  0:43  Probe  
  16  0:48  Assimilator  
  17  0:52  Probe  
  18  1:04  Probe  
  19  1:23  Nexus  
  19  1:31  Cybernetics Core  
  19  1:35  Probe  
  20  1:41  Assimilator  
  20  1:48  Pylon  
  20  1:50  Probe  
  21  2:02  Probe  
  21  2:05  Stalker  
  24  2:10  Warp Gate  
  24  2:14  Probe  
  25  2:26  Probe  
  26  2:35  Gateway, Probe  
  27  2:38  Probe  
  27  2:43  Twilight Council  
  28  2:48  Adept  
  28  2:51  Probe  
  31  2:54  Probe  
  32  3:03  Probe  
  33  3:06  Probe  
  33  3:09  Robotics Facility  
  34  3:15  Probe  
  34  3:16  Assimilator  
  35  3:21  Probe  
  36  3:30  Dark Shrine  
  36  3:34  Pylon  
  36  3:35  Probe, Pylon  
  37  3:42  Probe  
  38  3:48  Probe  
  38  3:50  Pylon  
  39  3:58  Probe  
  39  3:59  Warp Prism  
  42  4:11  Probe  
  42  4:13  Gateway, Probe  
  42  4:14  Gateway  
  44  4:23  Probe  
  45  4:36  Nexus  
  45  4:37  Pylon  
  45  4:48  Dark Templar x2  
  49  4:58  Pylon  
  49  5:08  Dark Templar  
  49  5:10  Dark Templar  
  51  5:22  Dark Templar x3  
Tags
 
Add a new tag
Caveats
  • Supply blocks, unpowered buildings, or Contaminate may cause inaccurate times.
  • Supply counts are checked every 10 seconds.